 Dungeon Crawl Stone Soup version 0.29-a0-1043-g569b05d6ff (webtiles) character file.

Game seed: 6820865576055386844

8621 Plasmagod the Warrior (level 11, -9/171 HPs)
             Began as a Minotaur Berserker on Aug 16, 2022.
             Was an Elder of Trog.
             Mangled by a 13-headed hydra (10 damage)
             ... on level 11 of the Dungeon.
             The game lasted 00:27:56 (13240 turns).

Plasmagod the Warrior (Minotaur Berserker)         Turns: 13240, Time: 00:27:56

Health: -9/171     AC: 17    Str: 25    XL:     11   Next: 12%
Magic:  4/10       EV:  8    Int:  4    God:    Trog [****..]
Gold:   135        SH:  0    Dex: 11    Spells: 10/10 levels left

rFire   . . .      SeeInvis .   E - +3 halberd (venom)
rCold   . . .      Faith    .   (shield currently unavailable)
rNeg    . . .      Spirit   .   c - +0 chain mail
rPois   .          Reflect  .   (helmet restricted)
rElec   .          Harm     .   s - +2 cloak
rCorr   +          Rampage  .   o - +0 pair of gloves
Will    .....                   (no boots)
Stlth   ..........              (no amulet)
HPRegen 0.38/turn               j - +4 ring of protection
MPRegen 0.12/turn               B - ring of resist corrosion

@: berserking (expiring), very quick
A: horns 2, retaliatory headbutt
a: Renounce Religion, Berserk, Trog's Hand, Brothers in Arms


You were on level 11 of the Dungeon.
You worshipped Trog.
Trog was greatly pleased with you.
You visited 1 branch of the dungeon, and saw 11 of its levels.

You collected 719 gold pieces.
You spent 584 gold pieces at shops.

Inventory:

Hand Weapons
 v - a +3 antimagic battleaxe
 E - a +3 halberd of venom (weapon)
Missiles
 C - 3 javelins (quivered)
Armour
 c - a +0 chain mail (worn)
 o - a +0 pair of gloves (worn)
 s - a +2 cloak (worn)
Jewellery
 j - a +4 ring of protection (left hand)
 q - the ring of Xaybushr Zotz {Drain rN+ MP+9 Stlth+}
   (You found it on level 3 of the Dungeon)

   [ring of magical power]

   rN:        It protects you from negative energy.
   MP:        It affects your magic capacity (+9).
   Drain:     It drains your maximum health when unequipped.
   Stlth:     It makes you more stealthy.
 B - a ring of resist corrosion (right hand)
Wands
 m - a wand of iceblast (12)
 t - a wand of paralysis (20)
Scrolls
 f - 2 scrolls of identify
 g - 5 scrolls of teleportation
 h - 3 scrolls of noise
 l - a scroll of enchant weapon
 n - 2 scrolls of poison
 w - 2 scrolls of enchant armour
 y - 2 scrolls of magic mapping
Potions
 b - 8 potions of curing
 d - a potion of flight
 e - 2 potions of haste
 i - 4 potions of magic
 k - 3 potions of mutation
 p - 3 potions of cancellation
 r - 2 potions of lignification
 u - 4 potions of heal wounds
 x - a potion of berserk rage
 z - 7 potions of might


   Skills:
 + Level 15.6 Fighting
 - Level 14.0 Axes
 - Level 2.4 Armour
 - Level 2.1 Dodging


You had 10 spell levels left.
You didn't know any spells.
Your spell library was empty.

Dungeon Overview and Level Annotations

Branches:
Dungeon (11/15)            Temple (0/1) D:5            Lair (0/5) D:8
    Orc (0/2) D:10

Altars:
Vehumet
Wu Jian
Xom

Shops:
D:11 (


Innate Abilities, Weirdness & Mutations

You have a pair of horns on your head.
You reflexively headbutt those who attack you in melee.


Message History

The 11-headed hydra is almost dead.
The 11-headed hydra bites you!
* * * LOW HITPOINT WARNING * * *
The 11-headed hydra bites you but does no damage. x5
The 11-headed hydra barely misses you. The 11-headed hydra closely misses you.
The 11-headed hydra bites you.
* * * LOW HITPOINT WARNING * * *
The 11-headed hydra bites you!
* * * LOW HITPOINT WARNING * * *
The 11-headed hydra closely misses you.
You puncture the troll!
The troll is poisoned.
You headbutt the troll!!
The troll is almost dead.
You closely miss the troll.
The troll is almost dead.
You lop one of the 11-headed hydra's heads off!
The ten-headed hydra grows two more!
You slice the 12-headed hydra!!
The 12-headed hydra is almost dead.
You chop one of the 12-headed hydra's heads off!
The 11-headed hydra grows two more!
You puncture the 13-headed hydra!
The 13-headed hydra is almost dead.
The 13-headed hydra bites you.
* * * LOW HITPOINT WARNING * * *
The 13-headed hydra bites you but does no damage.
The 13-headed hydra bites you.
* * * LOW HITPOINT WARNING * * *
The 13-headed hydra closely misses you.
The 13-headed hydra bites you but does no damage.
The 13-headed hydra bites you!
* * * LOW HITPOINT WARNING * * *
The 13-headed hydra bites you.
* * * LOW HITPOINT WARNING * * *
The 13-headed hydra bites you.
* * * LOW HITPOINT WARNING * * *
The 13-headed hydra bites you.
* * * LOW HITPOINT WARNING * * *
The 13-headed hydra bites you but does no damage. x2
The 13-headed hydra bites you.
* * * LOW HITPOINT WARNING * * *
The 13-headed hydra bites you!
You die...

....................#....#
....................#....#
...............#....#....#
.........#######....#....#
.........#.....#....'....#
.........#.....#....#....#
##########.....#....#....#
#.....##'###....#
..#.....#@...#..).#
.....O.TD....+....#
.............#....#
.............######
................
..#........>.... .
#...<.#........
#.....#........
#.....#.......


You could see a 13-headed hydra (poisoned), a two-headed ogre and a troll (very
poisoned).

Vanquished Creatures
  A hydra (D:11)
  Pikel (D:6)
  An ugly thing (D:11)
  A manticore (D:11)
  A troll (D:10)
  A hornet (D:9)
  A wyvern (D:10)
  Sigmund (D:5)
  A shadow (D:9)
  Grum (D:10)
  4 yaks (D:8)
  A steam dragon (D:10)
  A water moccasin (D:7)
  Duvessa (D:6)
  3 acid dragons
  2 black bears
  2 ice beasts (D:7)
  6 orc warriors
  3 ogres
  2 sky beasts (D:7)
  4 wolves (D:10)
  5 centaurs
  A phantom (D:5)
  A kobold brigand (D:7)
  A bullfrog (D:8)
  4 scorpions
  8 wights
  Dowan (D:6)
  10 killer bees
  2 electric eels (D:9)
  3 howler monkeys (D:8)
  4 hounds
  3 jellies (D:6)
  6 orc priests
  5 iguanas
  7 orc wizards
  6 adders
  A white imp (D:6)
  An ufetubus (D:6)
  2 worms
  4 dart slugs
  52 orcs
  6 ball pythons
  9 endoplasms
  3 giant cockroaches
  8 goblins
  4 hobgoblins
  2 quokkas (D:3)
  5 bats
  2 frilled lizards (D:1)
  8 kobolds
  7 rats
220 creatures vanquished.

Vanquished Creatures (others)
  5 plants (D:9)
5 creatures vanquished.

Grand Total: 225 creatures vanquished

Notes
Turn   | Place    | Note
-------+----------+-------------------------------------------
     0 | D:1      | Plasmagod the Minotaur Berserker began the quest for the
                  | Orb.
     0 | D:1      | Reached XP level 1. HP: 19/19 MP: 0/0
   209 | D:1      | Reached XP level 2. HP: 17/26 MP: 1/1
   623 | D:1      | Found a faded altar of an unknown god.
  1156 | D:2      | Reached skill level 5 in Axes
  1162 | D:2      | Reached XP level 3. HP: 31/31 MP: 2/2
  1567 | D:2      | Reached ** piety under Trog
  2402 | D:3      | Reached XP level 4. HP: 39/39 MP: 3/3
  2405 | D:3      | Identified the ring of Xaybushr Zotz {Drain rN+ MP+9
                  | Stlth+}
  2467 | D:3      | You fall into a shaft and drop 3 floors!
  2471 | D:6      | Noticed a lemure
  2471 | D:6      | Noticed a lemure
  2472 | D:6      | Noticed Pikel
  2472 | D:6      | Noticed a lemure
  2473 | D:6      | Noticed a lemure
  2502 | D:6      | Paralysed by Pikel for 3 turns
  2510 | D:6      | Killed Pikel
  2511 | D:6      | Reached XP level 5. HP: 25/45 MP: 4/4
  2511 | D:6      | Reached XP level 6. HP: 28/51 MP: 5/5
  2511 | D:6      | Reached XP level 7. HP: 32/57 MP: 6/6
  2766 | D:5      | Entered Level 5 of the Dungeon
  2805 | D:5      | Reached skill level 10 in Axes
  4419 | D:5      | Noticed Sigmund
  4463 | D:5      | Killed Sigmund
  4464 | D:5      | Reached XP level 8. HP: 64/64 MP: 7/7
  4658 | D:5      | Found a staircase to the Ecumenical Temple.
  4902 | D:5      | Found a radiant altar of Vehumet.
  6276 | D:6      | Noticed Dowan
  6277 | D:6      | Noticed Duvessa
  6285 | D:6      | Killed Duvessa
  6290 | D:6      | Killed Dowan
  6291 | D:6      | Reached skill level 4 in Fighting
  6391 | D:6      | Reached XP level 9. HP: 69/72 MP: 8/8
  6441 | D:6      | Reached *** piety under Trog
  6654 | D:7      | Reached skill level 5 in Fighting
  6680 | D:7      | Reached skill level 6 in Fighting
  6831 | D:7      | Reached skill level 7 in Fighting
  7195 | D:7      | Reached skill level 8 in Fighting
  7496 | D:8      | Found a staircase to the Lair.
  7506 | D:8      | Reached skill level 9 in Fighting
  7512 | D:8      | Reached skill level 10 in Fighting
  7840 | D:8      | Reached **** piety under Trog
  8104 | D:8      | Reached skill level 11 in Fighting
  8104 | D:8      | Reached XP level 10. HP: 94/95 MP: 9/9
  8433 | D:8      | Found a shimmering altar of Xom.
  8434 | D:8      | Found an ornate altar of the Wu Jian Council.
  9364 | D:9      | Reached skill level 12 in Fighting
 10662 | D:10     | Entered Level 10 of the Dungeon
 10705 | D:10     | Noticed Grum
 10717 | D:10     | Reached skill level 13 in Fighting
 11108 | D:10     | Killed Grum
 12053 | D:10     | Reached skill level 14 in Fighting
 12562 | D:10     | Found a staircase to the Orcish Mines.
 12669 | D:11     | Noticed a cyan ugly thing
 12674 | D:11     | Killed a cyan ugly thing
 12675 | D:11     | Reached skill level 15 in Fighting
 12785 | D:11     | Noticed a seven-headed hydra
 12796 | D:11     | Killed a 12-headed hydra
 12797 | D:11     | Reached XP level 11. HP: 75/113 MP: 10/10
 13191 | D:11     | Found Ublashela's Weapon Emporium.
 13199 | D:11     | Bought a +3 antimagic battleaxe for 584 gold pieces
 13224 | D:11     | Noticed a five-headed hydra
 13230 | D:11     | Noticed a two-headed ogre
 13240 | D:11     | HP: 5/171 [13-headed hydra (5)]
 13240 | D:11     | HP: 1/171 [13-headed hydra (4)]
 13240 | D:11     | Mangled by a 13-headed hydra

Illustrated notes

Levels and vault maps discovered:
D:1:      dpeg_arrival_ratfight, layout_basic,
          shapermc_ecumenical_altar_notcrosses, patterned_corridor
D:2:      layout_loops_corners
D:3:      layout_basic, minivault_5, hex_medium
D:4:      layout_gridville, due_unseen_surprise
D:5:      layout_loops_cross, mainiacjoe_overflow_cross_hatched,
          minmay_temple_entry_enclosed_plants, lemuel_flamethrower_2,
          uniq_sigmund
D:6:      layout_basic, dk_noncrumbling_2, uniq_duvessa, uniq_pikel
D:7:      layout_cave_pools
D:8:      layout_gridville, minitemple, lair_entry_dummy
D:9:      layout_layer_cave, chequers_big_river
D:10:     layout_grid_maze, david_orc_5, kennysheep_potato, uniq_grum
D:11:     layout_grid_maze, serial_shops, shop

Skill      XL: |  1  2  3  4  5  6  7  8  9 10 |
---------------+-------------------------------+-----
Axes           | 4 5 6 9 11 14 | 14.0
Fighting       | 4 11 15 | 15.6
Armour         | |  2.4
Dodging        | |  2.1

Action                   |  1- 3 |  4- 6 |  7- 9 | 10-12 || total
-------------------------+-------+-------+-------+-------++-------
Melee: Hand axe          |    93 |    15 |   321 |    93 ||   522
       Headbutt          |    11 |     3 |    61 |    32 ||   107
       Punch             |       |     1 |     5 |       ||     6
       Halberd           |       |       |       |   104 ||   104
       Glaive            |       |       |       |    53 ||    53
Invok: Berserk           |       |     1 |     7 |     6 ||    14
       Trog's Hand       |       |       |       |     1 ||     1
  Use: Scroll            |       |       |    16 |     7 ||    23
       Potion            |       |       |       |     2 ||     2
Armor: Chain mail        |    61 |    14 |   151 |   204 ||   430
Dodge: Dodged            |    34 |    14 |    81 |   103 ||   232

Table legend: (Time is in decaauts)
 A = Elapsed time spent in this place.
 B = Non-inter-level travel time spent in this place.
 C = Inter-level travel time spent in this place.
 D = Time resting spent in this place.
 E = Time spent auto-exploring this place.
 F = Levels seen in this place.
 G = Mean time per level.
                   A        B        C        D        E       F      G
               +--------+--------+--------+--------+--------+-----+--------+
         Total |  13238 |  12779 |    459 |   2380 |   8578 |  11 | 1203.5 |
       Dungeon |  13238 |  12779 |    459 |   2380 |   8578 |  11 | 1203.5 |
               +--------+--------+--------+--------+--------+-----+--------+

Top non-repeatable levels by time:
     D:9: 2380 daAuts
    D:10: 1486 daAuts
     D:6: 1389 daAuts
     D:8: 1296 daAuts
     D:4: 1185 daAuts
     D:5: 1172 daAuts
     D:1: 1153 daAuts
     D:7: 888 daAuts
     D:2: 886 daAuts
     D:3: 846 daAuts
    D:11: 552 daAuts
